 Dungeon Crawl Stone Soup version 0.17.1-3-g152610e (webtiles) character file.

2634 dobroeutro the Cleaver (level 9, -15/75 HPs)
             Began as a Minotaur Fighter on Apr 27, 2016.
             Was a Believer of Okawaru.
             Demolished by a two-headed ogre
             ... wielding a +0 giant spiked club
              (17 damage)
             ... on level 7 of the Dungeon.
             The game lasted 00:13:31 (5754 turns).

dobroeutro the Cleaver (Minotaur Fighter)           Turns: 5754, Time: 00:13:31

Health: -15/75     AC: 12    Str: 23    XL:     9   Next: 35%
Magic:  8/8        EV:  6    Int:  5    God:    Okawaru [**....]
Gold:   369        SH: 10    Dex: 11    Spells: 0 memorised, 8 levels left

rFire  . . .     SeeInvis .     G - +3 hand axe (elec)
rCold  . . .     Clarity  .     t - +0 chain mail
rNeg   . . .     SustAt   .     c - +0 shield
rPois  .         Gourm    .     (helmet restricted)
rElec  .         Spirit   .     (no cloak)
rCorr  +         Warding  .     q - +1 pair of gloves
rMut   .         Stasis   .     (no boots)
MR     .....                    x - amulet of resist corrosion
Stlth  ..........               (no ring)
                                (no ring)

@: not resistant to hostile enchantments, extremely unstealthy
A: retaliatory headbutt, horns 2
a: Heroism, Renounce Religion


You were on level 7 of the Dungeon.
You worshipped Okawaru.
Okawaru was pleased with you.
You were not hungry.

You visited 2 branches of the dungeon, and saw 8 of its levels.

You collected 369 gold pieces.

Inventory:

Hand Weapons
 a - a +0 war axe
 m - a +2 vampiric hand axe
 G - a +3 hand axe of electrocution (weapon)
 J - the +7 falchion of Precise Incision {drain, +Rage rC+ Str-5}
   (You found it on level 5 of the Dungeon)

   A truly terrible weapon, it drains the life of those it strikes.
   It affects your strength (-5).
   It protects you from cold.
   It lets you go berserk.
Armour
 b - a +0 scale mail
 c - a +0 shield (worn)
 q - a +1 pair of gloves (worn)
 t - a +0 chain mail (worn)
Jewellery
 h - an uncursed ring of fire
 x - an amulet of resist corrosion (around neck)
 O - a cursed -2 ring of evasion {unknown}
Wands
 y - a wand of disintegration (5)
 A - a wand of lightning (5)
 K - a wand of frost (0)
Scrolls
 g - 2 scrolls of immolation {unknown}
 i - a scroll of random uselessness {unknown}
 j - 2 scrolls of magic mapping {unknown}
 l - 2 scrolls of amnesia {unknown}
 o - a scroll of recharging {unknown}
 p - 2 scrolls of noise {unknown}
 r - 2 scrolls of enchant weapon {unknown}
 s - 2 scrolls of enchant armour {unknown}
 u - 2 scrolls of remove curse {unknown}
 v - 5 scrolls of identify {unknown}
 F - a scroll of fear {unknown}
 H - a scroll of blinking {unknown}
Potions
 d - 2 potions of might
 f - a potion of curing
 k - a potion of agility {unknown}
 n - 2 potions of magic {unknown}
 w - a potion of degeneration {unknown}
 z - a potion of flight {unknown}
 B - 2 potions of brilliance {unknown}
 E - 3 potions of heal wounds {unknown}
 I - a potion of poison {unknown}
 M - a potion of lignification {unknown}
 N - a potion of berserk rage
Comestibles
 e - 6 bread rations
 C - a slice of pizza
 D - a royal jelly
 L - 5 chunks of flesh


   Skills:
 + Level 6.2 Fighting
 + Level 12.2 Axes
 + Level 6.3 Armour
 + Level 6.4 Shields


You had 8 spell levels left.
You didn't know any spells.

Dungeon Overview and Level Annotations

Branches:
Dungeon (7/15)             Temple (1/1) D:5

Altars:
Ashenzari
Dithmenos
Elyvilon
Fedhas
Gozag
Makhleb
Okawaru
Qazlal
Ru
Sif Muna
Vehumet
Yredelemnul
The Shining One

Shops:
D:7 *

Annotations:
D:7 manyhoops's ghost, novice DsGl


Innate Abilities, Weirdness & Mutations

You reflexively headbutt those who attack you in melee.
You have a pair of horns on your head.


Message History

You are too injured to fight recklessly!
You are too injured to fight recklessly!
You hit the adder.
There is a sudden explosion of sparks!
You kill the adder!
Okawaru accepts your kill.
You see here an adder corpse.
You are too injured to fight recklessly!
You are too injured to fight recklessly!
You are too injured to fight recklessly!
You closely miss the black bear. You block the black bear's attack.
The black bear closely misses you. You block the black bear's attack.
You slash the black bear!
There is a sudden explosion of sparks!
You headbutt the black bear.
You kill the black bear!
Okawaru accepts your kill.
You hit the two-headed ogre but do no damage.
The two-headed ogre hits you with a giant spiked club!
* * * LOW HITPOINT WARNING * * *
The two-headed ogre hits you with a giant club!
You die...

........##...######
#.....##........_#
#....##.†..######
##..........#§§§§
##...........# §
##............#
##.....#.......#
##......)..####O###
#.........## ##@.#
.........## ##..#
........## ..#
.......## #..#
.......## ..#
...##...## ..# ..#
##...## .. ##
##...## ... ..... #
##...####### ....o
###


You could see a two-headed ogre.

Vanquished Creatures
  Pikel (D:6)
  Grinder (D:6)
  A black bear (D:7)
  3 slaves (D:6)
  An ogre (D:5)
  2 orc warriors
  An ice beast (D:5)
  2 centaurs (D:5)
  A big kobold (D:6)
  2 giant frogs (D:6)
  A wyvern zombie (D:7)
  A scorpion (D:6)
  4 killer bees
  4 crimson imps
  A giant frog skeleton (D:4)
  4 orc priests
  A hound (D:6)
  6 orc wizards
  6 worker ants
  9 adders
  A gnoll (D:1)
  A shadow imp (D:6)
  An ooze (D:2)
  An adder skeleton (D:2)
  An adder zombie (D:2)
  5 worms
  4 giant geckos
  33 orcs
  11 bats
  A bat zombie (D:2)
  2 giant cockroaches
  6 hobgoblins
  4 jackals (D:2)
  A quokka (D:6)
  A ball python skeleton (D:2)
  A giant cockroach zombie (D:2)
  A giant gecko skeleton (D:5)
  3 giant newts
  11 goblins
  9 kobolds
  A quokka skeleton (D:2)
  10 rats
161 creatures vanquished.

Vanquished Creatures (others)
  A slave (D:7)
1 creature vanquished.

Grand Total: 162 creatures vanquished

Notes
Turn   | Place    | Note
--------------------------------------------------------------
     0 | D:1      | dobroeutro the Minotaur Fighter began the quest for the Orb.
     0 | D:1      | Reached XP level 1. HP: 19/19 MP: 0/0
   113 | D:1      | Reached XP level 2. HP: 21/26 MP: 1/1
   712 | D:2      | Reached skill level 4 in Axes
   749 | D:2      | Reached XP level 3. HP: 28/31 MP: 2/2
   898 | D:2      | Reached skill level 5 in Axes
   962 | D:2      | Reached XP level 4. HP: 32/39 MP: 3/3
   972 | D:2      | Found an opulent altar of Gozag.
  1424 | D:3      | Reached skill level 6 in Axes
  1476 | D:3      | Reached XP level 5. HP: 45/45 MP: 4/4
  2023 | D:3      | Reached skill level 7 in Axes
  2232 | D:3      | Found a sacrificial altar of Ru.
  2718 | D:4      | Found a shadowy altar of Dithmenos.
  2850 | D:4      | Reached XP level 6. HP: 51/51 MP: 5/5
  3106 | D:5      | Entered Level 5 of the Dungeon
  3123 | D:5      | Reached skill level 8 in Axes
  3224 | D:5      | Reached skill level 9 in Axes
  3224 | D:5      | Reached XP level 7. HP: 22/57 MP: 6/6
  3595 | D:5      | Reached skill level 10 in Axes
  3619 | D:5      | Found a staircase to the Ecumenical Temple.
  3873 | D:5      | Got a blackened falchion
  3904 | D:5      | Reached skill level 11 in Axes
  3904 | D:5      | Reached XP level 8. HP: 19/64 MP: 7/7
  3920 | D:5      | Identified the +7 falchion of Precise Incision {drain, +Rage rC+ Str-5} (You found it on level 5 of the Dungeon)
  4010 | Temple   | Entered the Ecumenical Temple
  4018 | Temple   | Became a worshipper of Warmaster Okawaru
  4453 | D:6      | Found a radiant altar of Vehumet.
  4454 | D:6      | Found a burning altar of Makhleb.
  4616 | D:6      | Noticed Grinder
  4625 | D:6      | Killed Grinder
  4625 | D:6      | Reached * piety under Okawaru
  4740 | D:6      | Reached skill level 5 in Shields
  4814 | D:6      | Reached skill level 5 in Fighting
  4814 | D:6      | Reached skill level 5 in Armour
  5119 | D:7      | Noticed Pikel
  5138 | D:7      | Found Javev's Assorted Antiques.
  5150 | D:6      | Killed Pikel
  5150 | D:6      | Reached ** piety under Okawaru
  5150 | D:6      | Reached skill level 12 in Axes
  5150 | D:6      | Reached XP level 9. HP: 39/75 MP: 8/8
  5324 | D:7      | Noticed manyhoops's ghost (novice DsGl)
  5743 | D:7      | Found a stormy altar of Qazlal.
  5743 | D:7      | Noticed a two-headed ogre
  5754 | D:7      | HP: 2/75 [two-headed ogre/giant spiked club (14)]
  5754 | D:7      | Demolished by a two-headed ogre

Action                   |  1- 3 |  4- 6 |  7- 9 || total
-------------------------+-------+-------+-------++-------
Melee: War axe           |    77 |    30 |       ||   107
       Hand axe          |       |   168 |   213 ||   381
  Use: Potion            |       |       |     1 ||     1
  Eat: Chunk             |       |     8 |     8 ||    16
       Bread ration      |       |     1 |       ||     1
